 Dungeon Crawl Stone Soup version 0.31-a0-175-g9f7f995f2b (webtiles) character file.

Game seed: 795117769014874571

1133 qw the Skirmisher (level 8, -1/49 HPs)
             Began as a Gargoyle Hunter on June 17, 2023.
             Was an Initiate of Okawaru.
             Killed from afar by Maggie (10 damage)
             ... with a bolt of fire
             ... on level 6 of the Dungeon.
             The game lasted 00:01:47 (4416 turns).

qw the Skirmisher (Gargoyle Hunter)                 Turns: 4416, Time: 00:01:47

Health: -1/49      AC: 17    Str: 15    XL:     8   Next: 36%
Magic:  8/10       EV: 15    Int: 10    God:    Okawaru [......]
Gold:   400        SH:  0    Dex: 21    Spells: 7/7 levels left

rFire   . . .        Y - +1 shortbow
rCold   . . .        (shield currently unavailable)
rNeg    + . .        e - +0 ring mail
rPois   inf          h - +0 helmet
rElec   +            (no cloak)
rCorr   .            d - +1 pair of gloves
SInv    .            k - +0 pair of boots
Will    .....        (no amulet)
Stlth   +++          n - +6 ring of dexterity
HPRegen 0.28/turn    (no ring)
MPRegen 0.12/turn

%: no passive effects
@: heroic, mesmerised
A: sickness immunity, AC +5, negative energy resistance 1, electricity
resistance, torment resistance 1, petrification resistance
a: Renounce Religion


You were on level 6 of the Dungeon.
You worshipped Okawaru.
Okawaru was noncommittal.
You visited 2 branches of the dungeon, and saw 7 of its levels.

You collected 519 gold pieces.
You spent 119 gold pieces at shops.


Innate Abilities, Weirdness & Mutations

You are immune to sickness and miasma.
Your stone body is resilient. (AC +5)
You are immune to poison.
You resist negative energy. (rN+)
You are resistant to electric shocks. (rElec)
You are resistant to unholy torment.
You are immune to petrification.


   Skills:
 - Level 5.0(10.0) Fighting
 + Level 8.0(13.0) Ranged Weapons
 - Level 3.0(8.0) Armour
 - Level 2.4(7.4) Dodging
 - Level 1.1(6.1) Stealth
 - Level 3.6 Invocations


You had 7 spell levels left.
You didn't know any spells.
Your spell library was empty.

Inventory:

Hand Weapons
 Y - a +1 shortbow (weapon)
Armour
 d - a +1 pair of gloves (worn)
 e - a +0 ring mail (worn)
 h - a +0 helmet (worn)
 k - a +0 pair of boots (worn)
Jewellery
 n - a +6 ring of dexterity (left hand)
Wands
 g - a wand of digging (2)
Scrolls
 l - 2 scrolls of identify
 p - a scroll of vulnerability {unknown}
Potions
 a - 2 potions of lignification
 f - 2 potions of mutation
 i - a potion of attraction
 j - a potion of ambrosia {unknown}
 m - 2 potions of might
 o - a potion of enlightenment

Dungeon Overview and Level Annotations

Branches:
Dungeon (6/15)             Temple (1/1) D:5

Altars:
Cheibriados
Dithmenos
Elyvilon
Fedhas
Gozag
Hepliaklqana
Kikubaaqudgha
Makhleb
Nemelex Xobeh
Okawaru
Qazlal
Ru
Sif Muna
Trog
Uskayaw
Vehumet
Wu Jian
Xom
Zin
The Shining One

Shops:
D:1 [   D:3 [

Annotations:
D:6 Maggie


Message History

Maggie is severely wounded.
Maggie says, "Leave now, and tell all of Margery's mercy!"
Maggie hits you but does no damage.
You shoot an arrow. The arrow hits Maggie!
Maggie is almost dead.
You shoot an arrow.
The arrow hits Maggie but does no damage.
Maggie is almost dead.
Maggie mumbles the words to a spell, but in the wrong order.
Maggie casts a spell at you. The bolt of fire misses you.
You shoot an arrow.
The arrow hits Maggie but does no damage.
Maggie is almost dead.
Maggie hits you with a +2 morningstar of flaming.
Maggie burns you.
You shoot an arrow. The arrow barely misses Maggie.
Maggie says, "How do the people who live here stand the isolation?"
Maggie gestures wildly while chanting.
Maggie draws you further into her thrall.
You shoot an arrow. The arrow barely misses Maggie.
Maggie hits you with a +2 morningstar of flaming!
Maggie burns you.
You shoot an arrow. The arrow hits Maggie.
Maggie is almost dead.
Maggie casts a spell at you. The bolt of fire misses you.
You shoot an arrow. The arrow completely misses Maggie.
You feel like a meek peon again. Maggie closely misses you.
4414 ||| INVOKING Heroism.
You gain the combat prowess of a mighty hero.
You can no longer gain great but temporary skills.
Maggie points at you and mumbles some strange words.
The bolt of fire hits you but does no damage.
You shoot an arrow. The arrow closely misses Maggie.
You shoot an arrow. The arrow closely misses Maggie.
Maggie points at you and mumbles some strange words.
The bolt of fire hits you!
You die...

....######.# #.## # ...
#.....####..############ #.#
#....................... #.#
#.......#######.######## #.#
#....##.#### #.## ##### #.#
#######....# #..###.<.. #.#
#.....>..<#####........ #.##
#.......#.......(##.... #..#
#.....@...........#.... ##.#
#.....@.#######...##### ###.###
#...)>..............###
#.....#####..###..............#
#.#.#..###..## #...............
#.#.##..##.## #...........##..
#.#.###.#..# #........##.....
#.#.# #...## #........##..##.
#.#.###...## #...........###.


You could see Maggie (mesmerising).

Vanquished Creatures
  An ice beast (D:6)
  A centaur (D:6)
  3 phantoms
  2 scorpions
  5 wights (D:6)
  2 hounds
  A jelly (D:5)
  2 orc priests (D:5)
  2 orc wizards
  7 adders
  A white imp (D:6)
  An ufetubus (D:4)
  A worm (D:2)
  2 dart slugs
  11 orcs
  3 bats
  6 endoplasms
  A giant cockroach (D:1)
  6 goblins
  6 hobgoblins
  2 jackals (D:1)
  2 kobolds
  2 quokkas
  2 ball pythons
  4 frilled lizards
  10 rats
86 creatures vanquished.

Notes
Turn   | Place    | Note
-------+----------+-------------------------------------------
     0 | D:1      | qw the Gargoyle Hunter began the quest for the Orb.
     0 | D:1      | Reached XP level 1. HP: 12/12 MP: 1/1
     0 | D:1      | 0 ||| qw: Version: 0.3-a-2-g5ab2908
     0 | D:1      | 0 ||| qw: Game counter: 147
     0 | D:1      | 0 ||| qw: Always use a shield: true
     0 | D:1      | 0 ||| qw: God list: Okawaru
     0 | D:1      | 0 ||| qw: Allow faded altars: false
     0 | D:1      | 0 ||| qw: Do Orc after D:15 true
     0 | D:1      | 0 ||| qw: Do second Lair branch before Depths: true
     0 | D:1      | 0 ||| qw: Lair rune preference: random
     0 | D:1      | 0 ||| qw: Plans: Normal, Zot:1-4, Slime:5, God:TSO, Crypt,
                  | Tomb, Abyss, Pan, Hells, Win
     0 | D:1      | 0 ||| PLANNING D:1-11
    39 | D:1      | Found Qeuzappa's Armour Shoppe.
    58 | D:1      | 58 ||| SHOPLISTING +0 ring mail (56 gold, have 54).
    58 | D:1      | 58 ||| SHOPLISTING +2 ring mail of poison resistance (252
                  | gold, have 54).
    58 | D:1      | 58 ||| SHOPLISTING +3 ring mail of positive energy (322
                  | gold, have 54).
   447 | D:1      | Reached XP level 2. HP: 17/17 MP: 2/2
   641 | D:1      | 641 ||| UPGRADING to +0 helmet.
   646 | D:1      | 646 ||| DROPPING ring of flight.
   647 | D:1      | 647 ||| UPGRADING to +6 ring of dexterity.
   648 | D:1      | 648 ||| READING scroll labelled ODOUFE JIEHADAC.
   649 | D:1      | 649 ||| READING scroll labelled HIMPIT QONO.
   650 | D:1      | 650 ||| READING scroll labelled MEHIOT GIRYQ.
   654 | D:1      | 654 ||| READING scroll labelled FAOLLI HORUE.
   655 | D:1      | 655 ||| READING 3 scrolls labelled BAUFOP ENTABIQ.
   656 | D:1      | 656 ||| READING scroll labelled OTAAKL RESIRCH.
   657 | D:1      | 657 ||| READING scroll labelled LAZXEAGILO.
   658 | D:1      | 658 ||| READING 2 scrolls of identify.
   658 | D:1      | 658 ||| IDENTIFYING murky green potion
   659 | D:1      | 659 ||| DROPPING scroll of butterflies.
   744 | D:2      | Reached XP level 3. HP: 12/21 MP: 3/3
   804 | D:2      | Reached skill level 5 in Ranged Weapons
  1321 | D:2      | Found a snail-covered altar of Cheibriados.
  1349 | D:2      | 1349 ||| DRINKING 2 metallic inky potions.
  1375 | D:2      | 1375 ||| READING 2 scrolls of identify.
  1375 | D:2      | 1375 ||| IDENTIFYING dark potion
  1376 | D:2      | 1376 ||| DROPPING potion of degeneration.
  1510 | D:3      | Reached skill level 3 in Fighting
  1576 | D:3      | Reached XP level 4. HP: 28/28 MP: 4/4
  1583 | D:3      | 1583 ||| FLEEEEING.
  1756 | D:3      | Found Fyadi's Armour Shop.
  1767 | D:3      | 1767 ||| BUYING +0 pair of gloves (63 gold).
  1767 | D:3      | Bought a +0 pair of gloves for 63 gold pieces
  1767 | D:3      | 1767 ||| BUYING +0 ring mail (56 gold).
  1767 | D:3      | Bought a +0 ring mail for 56 gold pieces
  2080 | D:3      | 2080 ||| UPGRADING to +0 pair of gloves.
  2085 | D:3      | 2085 ||| UPGRADING to +0 ring mail.
  2095 | D:3      | 2095 ||| DROPPING +0 leather armour.
  2096 | D:3      | 2096 ||| DRINKING 2 inky potions.
  2097 | D:3      | 2097 ||| DRINKING 2 brown potions.
  2098 | D:3      | 2098 ||| DROPPING potion of invisibility.
  2161 | D:4      | Reached skill level 1 in Armour
  2161 | D:4      | Reached XP level 5. HP: 30/32 MP: 5/5
  2191 | D:4      | 2191 ||| READING scroll of enchant armour.
  2191 | D:4      | 2191 ||| ENCHANTING +0 pair of gloves.
  2330 | D:4      | Reached skill level 6 in Ranged Weapons
  2559 | D:4      | 2559 ||| UPGRADING to +0 pair of boots.
  2564 | D:4      | 2564 ||| READING scroll labelled OKLIYT TINGIO.
  2565 | D:4      | 2565 ||| DRINKING 2 smoky yellow potions.
  2566 | D:4      | 2566 ||| DROPPING potion of brilliance.
  2607 | D:5      | Entered Level 5 of the Dungeon
  2621 | D:5      | Noticed a phantom
  2632 | D:5      | Killed a phantom
  2633 | D:5      | Reached skill level 3 in Armour
  2633 | D:5      | Reached XP level 6. HP: 37/37 MP: 6/6
  2729 | D:5      | Found a staircase to the Ecumenical Temple.
  2730 | D:5      | 2730 ||| PLANNING TEMPLE
  2730 | D:5      | 2730 ||| DRINKING 2 viscous golden potions.
  2731 | D:5      | 2731 ||| READING 3 scrolls of identify.
  2731 | D:5      | 2731 ||| IDENTIFYING emerald potion
  2732 | D:5      | 2732 ||| READING 2 scrolls of identify.
  2732 | D:5      | 2732 ||| IDENTIFYING fizzy white potion
  2747 | Temple   | Entered the Ecumenical Temple
  2891 | Temple   | 2891 ||| PLANNING OKAWARU WORSHIP
  3093 | Temple   | Became a worshipper of Warmaster Okawaru
  3094 | Temple   | 3094 ||| PLANNING D:1-11
  3414 | D:5      | Reached XP level 7. HP: 27/44 MP: 7/7
  3699 | D:5      | 3699 ||| READING scroll labelled WILOAL QESA.
  3700 | D:5      | 3700 ||| READING scroll labelled IRGHER GUOSUWOEJO.
  3820 | D:6      | 3820 ||| FLEEEEING.
  3821 | D:6      | 3821 ||| FLEEEEING.
  3822 | D:6      | 3822 ||| FLEEEEING.
  3823 | D:6      | 3823 ||| FLEEEEING.
  3824 | D:6      | 3824 ||| FLEEEEING.
  3841 | D:6      | Reached skill level 7 in Ranged Weapons
  3986 | D:6      | Reached * piety under Okawaru
  3992 | D:6      | Reached skill level 1 in Invocations
  4020 | D:6      | Noticed Maggie
  4030 | D:6      | 4030 ||| INVOKING Heroism.
  4035 | D:6      | HP: 9/44 [Maggie/+2 morningstar of flaming (4)]
  4036 | D:6      | 4036 ||| READING scroll of teleportation.
  4037 | D:6      | 4037 ||| DRINKING 3 potions of heal wounds.
  4039 | D:6      | 4039 ||| DRINKING 2 potions of heal wounds.
  4141 | D:6      | Reached XP level 8. HP: 43/48 MP: 7/9
  4177 | D:6      | 4177 ||| INVOKING Heroism.
  4179 | D:6      | HP: 11/48 [wight/+0 great sword (4)]
  4180 | D:6      | 4180 ||| DRINKING potion of heal wounds.
  4186 | D:6      | Reached skill level 8 in Ranged Weapons
  4194 | D:6      | Reached skill level 3 in Invocations
  4194 | D:6      | 4194 ||| INVOKING Heroism.
  4386 | D:6      | 4386 ||| INVOKING Heroism.
  4411 | D:6      | HP: 10/49 [Maggie/+2 morningstar of flaming (7)]
  4414 | D:6      | 4414 ||| INVOKING Heroism.
  4416 | D:6      | Killed from afar by Maggie

Levels and vault maps discovered:
D:1:      eino_arrival_cavern_a, layout_loops_cross, serial_shops, shop_coins
D:2:      layout_loops_cross, basic_altar
D:3:      layout_basic, serial_shops, nicolae_shop_statue_plus,
          hangedman_abyss_or_decor_lesser_grid, hangedman_decor_push
D:4:      layout_cave_pools
D:5:      layout_gridville, minmay_temple_entry_waves
D:6:      layout_rooms, uniq_maggie
Temple:   mainiacjoe_temple_cubbyholes

Skill      XL: |  1  2  3  4  5  6  7  8 |
---------------+-------------------------+-----
Ranged Weapons | 5 6 7 8 |  8.0
Fighting       | 3 4 5 |  5.0
Armour         | 1 3 |  3.0
Dodging        | 2 |  2.4
Invocations    | 2 3 |  3.6
Stealth        | |  1.1

Action                     |  1- 3 |  4- 6 |  7- 9 || total
---------------------------+-------+-------+-------++-------
   Fire: Shortbow          |   119 |   108 |   144 ||   371
 Invoke: Heroism           |       |       |     5 ||     5
    Use: Scroll            |     9 |     4 |     3 ||    16
         Potion            |     1 |     4 |     3 ||     8
 Armour: Leather armour    |    14 |     7 |       ||    21
         Ring mail         |       |    15 |    34 ||    49
  Dodge: Dodged            |    17 |    20 |    70 ||   107

Table legend:
 A = Non-vault XP
 B = Vault XP
 C = Vault XP percentage of total XP
 D = Non-vault monster count
 E = Vault monster count
 F = Vault count percentage of total count
                 A         B        C        D         E       F
            +---------+---------+-------+---------+---------+-------
      Total |    1619 |       0 |   0.0 |      86 |       0 |   0.0
            +---------+---------+-------+---------+---------+-------
        D:1 |      19 |       0 |   0.0 |      12 |       0 |   0.0
        D:2 |      40 |       0 |   0.0 |      16 |       0 |   0.0
        D:3 |      89 |       0 |   0.0 |      18 |       0 |   0.0
        D:4 |      90 |       0 |   0.0 |      10 |       0 |   0.0
        D:5 |     456 |       0 |   0.0 |      12 |       0 |   0.0
        D:6 |     925 |       0 |   0.0 |      18 |       0 |   0.0
            +---------+---------+-------+---------+---------+-------
